 Dungeon Crawl Stone Soup version 0.27-a0-965-gbf8bb431c4 (webtiles) character file.

Game seed: 16762300768213949360

113 robertstho the Magician (level 4, -1/31 HPs)
             Began as a Djinni Ice Elementalist on Apr 12, 2021.
             Slain by Natasha (4 damage)
             ... on level 2 of the Dungeon.
             The game lasted 00:03:15 (1981 turns).

robertstho the Magician (Djinni Ice Elementalist)   Turns: 1981, Time: 00:03:15

Health: -1/31      AC:  3    Str:  7    XL:     4   Next: 96%
Gold:   19         EV: 13    Int: 17    God:
                   SH:  0    Dex: 14

rFire    + + .     SeeInvis .   d - +0 dagger
rCold    x . .     Faith    .   (no shield)
rNeg     . . .     Spirit   .   a - +0 robe
rPois    ∞         Reflect  .   i - +0 helmet
rElec    .         Harm     .   (no cloak)
rCorr    .         Rampage  .   (no gloves)
Will     .....                  (boots unavailable)
Stlth    ++........             (no amulet)
HPRegen  0.10/turn              (no ring)
MPRegen  0.00/turn              (no ring)

@: freezing walls, flying
A: fire resistance 2, cold vulnerability 1, float, innate caster, hp casting,
extra vitality 1
a: no special abilities


You were on level 2 of the Dungeon.
You visited 1 branch of the dungeon, and saw 2 of its levels.

You collected 19 gold pieces.

Inventory:

Hand Weapons
 d - a +0 dagger (weapon)
Armour
 a - a +0 robe (worn)
 i - a +0 helmet (worn)
Scrolls
 g - 2 scrolls of vulnerability
Potions
 b - 2 potions of degeneration {unknown}
 h - 3 potions of curing {unknown}


   Skills:
 + Level 0.6 Short Blades
 + Level 2.9 Dodging
 + Level 1.8 Stealth
 + Level 0.1 Unarmed Combat
 + Level 4.8 Spellcasting


You couldn't memorise any spells.
You knew the following spells:

 Your Spells              Type           Power      Damage    Failure   Level
a - Freeze                Ice            80%        1d9       1%          1
b - Frozen Ramparts       Ice            40%        1d6       6%          3
c - Ozocubu's Armour      Ice            20%        N/A       6%          3
d - Hailstorm             Conj/Ice       20%        3d6       19%         4
e - Metabolic Englaciati  Hex/Ice        10%        N/A       47%         5
f - Sandblast             Erth           40%        2d10      1%          1
Your spell library was empty.

Dungeon Overview and Level Annotations

Branches:
Dungeon (2/15)

Altars:
Xom

Shops:
D:2 =

Annotations:
D:2 Natasha


Innate Abilities, Weirdness & Mutations

You are immune to poison.
Your flesh is very heat resistant. (rF++)
You are vulnerable to cold. (rC-)
You float through the air rather than walking.
You learn spells naturally, not from books.
Your magical power is your life essence.
You have superior vitality. (+4 HP)


Message History

Natasha is nearby!
Natasha is nearby!
Natasha is nearby!
Natasha hisses angrily.
Natasha casts a spell.
The white imp laughs crazily.
The white imp hits you. The white imp freezes you!
You feel a terrible chill!
Casting: Freeze (safe; 1% risk of failure)
Confirm with . or Enter, or press ? or * to list all spells.
Casting: Frozen Ramparts (dangerous; 6% risk of failure)
Press: ? - help, Dir - look around, f - activate The walls around you are covered in ice.
The wall freezes Natasha.
The white imp completely resists.
The wall freezes the white imp but does no damage.
The white imp gestures at you. The puff of frost hits you.
You feel a terrible chill!
The wall freezes Natasha.
Casting: Frozen Ramparts (dangerous; 6% risk of failure)
Confirm with . or Enter, or press ? or * to list all spells.
Aiming: Freeze (safe; 1% risk of failure)
Press: ? - help, Shift-Dir - straight line, f - Natasha
Aim: Natasha (moderately wounded)
You freeze Natasha.
Natasha is severely wounded.
Natasha casts a spell.
The white imp completely resists.
The wall freezes the white imp but does no damage.
The white imp hits you. The white imp freezes you.
You feel a terrible chill!
* * * LOW HITPOINT WARNING * * *
Unknown command.
Casting: Freeze (safe; 1% risk of failure)
Confirm with . or Enter, or press ? or * to list all spells.
Aiming: Freeze (safe; 1% risk of failure)
Press: ? - help, Shift-Dir - straight line, f/p - Natasha
Aim: Natasha (severely wounded)
You freeze Natasha.
Natasha is almost dead.
* * * LOW HITPOINT WARNING * * *
Natasha claws you.
You die...

#################
.(......).......#################
##......#######.##...............
##.###.## #.##.#.############
#...##.# #..................
#'#.##.# ######......#.##########
'∩+.##.###...##..._..##.# #
#+####.......#.5.h...# #.# # ...#
#####...#..@5...# ## # ####
##.##..##.### # # #####
#.........# ####### #
#...########.#.#.#.# ..g.... #
#............#.#<### ####### #
#...##########.#.### # # ##.##
#.....# # # #.# #####.# # # #.#
#.# #


You could see Natasha and 2 white imps.

Vanquished Creatures
  Natasha (twice) (D:2)
  Robin (D:2)
  A dart slug (D:1)
  4 ball pythons
  2 bats
  4 endoplasms
  A giant cockroach (D:2)
  13 goblins
  9 hobgoblins
  A quokka (D:1)
  3 frilled lizards
  3 kobolds
  4 rats
48 creatures vanquished.

Notes
Turn   | Place    | Note
-------+----------+-------------------------------------------
     0 | D:1      | robertstho the Djinni Ice Elementalist began the quest for
                  | the Orb.
     0 | D:1      | Reached XP level 1. HP: 15/15 MP: 0/0
   206 | D:1      | Reached XP level 2. HP: 14/21 MP: 0/0
   208 | D:1      | Reached skill level 4 in Spellcasting
   402 | D:1      | You are sucked into a shaft and drop 1 floor!
   644 | D:2      | Found a shimmering altar of Xom.
   807 | D:1      | Reached XP level 3. HP: 23/25 MP: 0/0
   807 | D:1      | Learned a level 1 spell: Sandblast
  1481 | D:2      | Noticed Robin
  1488 | D:2      | Killed Robin
  1500 | D:2      | Reached XP level 4. HP: 20/31 MP: 0/0
  1753 | D:2      | Noticed Natasha
  1761 | D:2      | Killed Natasha
  1914 | D:2      | Found Oneock's Jewellery Shop.
  1923 | D:2      | Noticed Natasha
  1928 | D:2      | Killed Natasha
  1974 | D:2      | Noticed Natasha
  1981 | D:2      | Slain by Natasha

Illustrated notes

Levels and vault maps discovered:
D:1:      lightli_arrival_boilingwater, layout_rooms
D:2:      layout_loops_ring, serial_shops, nicolae_shop_behind_doors,
          basic_altar, uniq_natasha, uniq_robin

Skill      XL: |  1  2 |
---------------+-------+-----
Spellcasting   | 4 |  4.8
Short Blades   | |  0.6
Dodging        | |  2.9
Stealth        | |  1.8
Unarmed Combat | |  0.1

Action                   |  1- 3 |  4- 6 || total
-------------------------+-------+-------++-------
Melee: Unarmed           |     5 |       ||     5
       Dagger            |    42 |    10 ||    52
 Cast: Freeze            |    32 |     9 ||    41
       Frozen Ramparts   |     2 |     3 ||     5
  Use: Scroll            |       |     3 ||     3
 Stab: Sleeping          |     3 |       ||     3
Armor: Robe              |     8 |     4 ||    12
Dodge: Dodged            |    44 |     9 ||    53

Table legend: (Time is in decaauts)
 A = Elapsed time spent in this place.
 B = Non-inter-level travel time spent in this place.
 C = Inter-level travel time spent in this place.
 D = Time resting spent in this place.
 E = Time spent auto-exploring this place.
 F = Levels seen in this place.
 G = Mean time per level.
                   A        B        C        D        E       F      G
               +--------+--------+--------+--------+--------+-----+--------+
         Total |   1981 |   1944 |     37 |      0 |   1643 |   2 |  990.5 |
       Dungeon |   1981 |   1944 |     37 |      0 |   1643 |   2 |  990.5 |
               +--------+--------+--------+--------+--------+-----+--------+

Top non-repeatable levels by time:
     D:1: 1158 daAuts
     D:2: 822 daAuts
